 Dungeon Crawl Stone Soup version 0.20-a0-556-g892c87b (webtiles) character file.

2554 esc the Ducker (level 9, -4/55 HPs)
             Began as a Halfling Skald on Feb 7, 2017.
             Was a Believer of Hepliaklqana.
             Slain by an orc warrior
             ... wielding a +0 halberd
              (13 damage)
             ... on level 8 of the Dungeon.
             The game lasted 00:29:08 (8538 turns).

esc the Ducker (Halfling Skald)                     Turns: 8538, Time: 00:29:09

Health: -4/55      AC: 11    Str: 15    XL:     9   Next: 86%
Magic:  11/11      EV: 19    Int: 11    God:    Hepliaklqana [**....]
Gold:   202        SH:  0    Dex: 18    Spells: 10/11 levels left

rFire    + . .     SeeInvis .   v - +8 mace of the Saviour {freeze, Dex+4}
rCold    . . .     Gourm    .   E - +0 steam dragon scales
rNeg     . . .     Faith    +   (shield restricted)
rPois    .         Spirit   .   j - +0 helmet
rElec    .         Reflect  .   g - +0 cloak
rCorr    .         Harm     .   i - +1 pair of gloves
MR       .....                  (no boots)
Stlth    ++........             y - amulet of faith {Faith, !P}
Regen    0.2/turn               (no ring)
                                m - ring of protection from fire {rF+, !d}

@: about to teleport, very slightly contaminated, hasted, very quick
A: reduced essence, mutation resistance 1
a: Ancestor Life: Knight, Ancestor Life: Battlemage, Ancestor Life: Hexer,
Recall Ancestor, Ancestor Identity, Renounce Religion


You were on level 8 of the Dungeon.
You worshipped Hepliaklqana.
Hepliaklqana was pleased with you.
You were not hungry.

You visited 2 branches of the dungeon, and saw 9 of its levels.

You collected 250 gold pieces.
You spent 48 gold pieces at shops.

Inventory:

Hand Weapons
 b - a +1 long sword
   (You took it off an orc on level 3 of the Dungeon)
 v - the +8 mace of the Saviour (weapon) {freeze, Dex+4}
   (You found it on level 5 of the Dungeon)

   It has been specially enchanted to freeze those struck by it, causing extra
   injury to most foes and up to half again as much damage against particularly
   susceptible opponents.
   It can also slow down cold-blooded creatures.
   It affects your dexterity (+4).
Armour
 g - a +0 cloak (worn)
   (You found it on level 1 of the Dungeon)
 i - a +1 pair of gloves (worn)
   (You found it on level 1 of the Dungeon)
 j - a +0 helmet (worn)
   (You found it on level 2 of the Dungeon)
 l - a +0 plate armour
   (You took it off an orc warrior on level 3 of the Dungeon)
 E - +0 steam dragon scales (worn)
   (You found it on level 8 of the Dungeon)
Jewellery
 m - a ring of protection from fire (left hand) {rF+, !d}
   (You found it on level 2 of the Dungeon)
 y - an amulet of faith (around neck) {Faith, !P}
   (You found it on level 8 of the Dungeon)
Wands
 p - a wand of paralysis (9/24)
   (You found it on level 5 of the Dungeon)
Scrolls
 d - a scroll of enchant armour
 e - a scroll of teleportation
 q - a scroll of amnesia
 u - a scroll of fear
 w - a scroll of immolation {!r}
 x - 2 scrolls of fog
 A - 2 scrolls of enchant weapon
Potions
 a - 3 potions of brilliance
 h - 3 potions of ambrosia
 n - a potion of magic
 o - a potion of degeneration {unknown}
 r - 2 potions of resistance
 s - 2 potions of flight
 B - a potion of cure mutation {!q}
Books
 c - a book of Battle
 k - a Young Poisoner's Handbook
   (You found it on level 7 of the Dungeon)
Comestibles
 f - 3 bread rations {@e1}
 z - a royal jelly
 C - a meat ration {@e2}
 D - 2 chunks of flesh {@w0}


   Skills:
 + Level 5.6 Fighting
 - Level 4.0 Long Blades
 + Level 6.2 Maces & Flails
 + Level 6.2 Armour
 + Level 6.4 Dodging
 - Level 1.5 Spellcasting
 - Level 3.2 Charms


You had 10 spell levels left.
You knew the following spells:

 Your Spells              Type           Power        Failure   Level  Hunger
a - Infusion              Chrm           #...         10%         1    ##.....


Dungeon Overview and Level Annotations

Branches:
Dungeon (8/15)             Temple (1/1) D:5
   Lair: D:8-11

Altars:
Ashenzari
Cheibriados
Dithmenos
Elyvilon
Fedhas
Gozag
Hepliaklqana
Kikubaaqudgha
Makhleb
Nemelex Xobeh
Okawaru
Qazlal
Ru
Sif Muna
Trog
Uskayaw
Vehumet
Xom
Yredelemnul
Zin
The Shining One

Shops:
D:4 ?   D:6 %

Annotations:
D:4 exclusion: ogre


Innate Abilities, Weirdness & Mutations

You are small and have problems with some larger weapons.
You are somewhat resistant to further mutation.
Your life essence is reduced. (-10% HP)


Message History

You eat one of the 4 chunks of flesh {@w0}.
You open the door.
There is an open door here.
A jackal comes into view.
You hit the jackal. You freeze the jackal.
You kill the jackal!
No target in view!
No target in view!
A jackal comes into view.
The jackal moves out of view.
A jackal comes into view.
The jackal barks!
The jackal bites you. x2
You take 3 damage, and have 51/54 hp.
You hit the jackal. You freeze the jackal.
You kill the jackal!
Tenoch hits the jackal!
The jackal dies!
No target in view!
No target in view!
All of the chunks of flesh in your inventory have rotted away.
You see here a jackal corpse.
You butcher the jackal corpse.
D - 2 chunks of flesh {@w0} You see here a jackal skeleton.
You swap places.
You see here a dagger.
You now have 202 gold pieces (gained 14).
You open the door.
There is an open door here.
There is an open door here.
An orc warrior and an orc wizard come into view.
Health restored: 54 The orc wizard shouts!
There is an open door here.
An orc comes into view. It is wielding a club.
The orc shouts!
The orc wizard casts a spell.
The orc wizard seems to speed up.
The orc wizard looks satisfied for a moment.
The orc wizard points at you and mumbles some strange words.
The magic dart hits you!
You hit the orc wizard. You freeze the orc wizard.
The orc wizard completely misses you.
Tenoch barely misses the orc wizard.
The orc hits Tenoch with a club.
The orc wizard hits you with a dagger. The orc warrior closely misses you.
A wyvern comes into view.
You take 3 damage, and have 51/54 hp.
You barely miss the orc wizard. The orc wizard casts a spell at you.
The magic dart hits you!
Tenoch hits the orc wizard.
The orc hits Tenoch with a club.
You take 5 damage, and have 46/54 hp.
You barely miss the orc wizard. The orc wizard casts a spell at you.
The puff of flame misses you. The orc warrior completely misses you.
Tenoch barely misses the orc.
The orc wizard completely misses you.
The orc hits Tenoch but does no damage.
You hit the orc wizard. You freeze the orc wizard.
The orc wizard hits you but does no damage.
The orc warrior barely misses you.
Tenoch hits the orc!
The orc dies!
The orc wizard closely misses you.
You hit the orc wizard. You freeze the orc wizard.
You kill the orc wizard!
The orc warrior hits you from afar with a halberd!
You take 8 damage, and have 38/55 hp.
You hit the wyvern. You freeze the wyvern. The wyvern barely misses you.
The wyvern bites you. The orc warrior misses you.
You take 2 damage, and have 36/55 hp.
Okay, then.
You barely miss the wyvern. The wyvern barely misses you.
The orc warrior hits you from afar with a halberd!
The wyvern bites you but does no damage.
Tenoch closely misses the orc warrior.
You take 8 damage, and have 28/55 hp.
You thump the wyvern! You freeze the wyvern. The wyvern bites you!
* * * LOW HITPOINT WARNING * * *
The orc warrior closely misses you.
Tenoch closely misses the orc warrior.
The wyvern barely misses you.
You take 14 damage, and have 14/55 hp.
MASSIVE DAMAGE!!
You feel yourself speed up. The wyvern barely misses you.
The orc warrior hits you from afar with a halberd.
* * * LOW HITPOINT WARNING * * *
Tenoch hits the orc warrior.
You are very lightly contaminated with residual magic.
You take 5 damage, and have 9/55 hp.
The floor, spattered with blood.
Okay, then.
As you read the scroll of fear, it crumbles to dust.
You assume a fearsome visage.
The orc warrior looks frightened!
The wyvern looks frightened!
Tenoch is unaffected.
As you read the scroll of teleportation, it crumbles to dust.
You feel strangely unstable.
Tenoch hits the orc warrior!
Tenoch's attack snaps the orc warrior out of its fear.
The orc warrior hits you from afar with a halberd!
You die...

.##......##.#................#
.####.......#.#......≈.......#
## #.......#.#..............#
#####.......#................#
....#...#...##...............#
....+.......##..###+##########
....#....######.# #.#
....'.........#'###'######
....#....####l))@........#
.##...........R..........#
.##...........o..........#
.##......................#
.##...........##..#+######
..............###'#+##
.......#'###..#......#
....###....#..#......#
....#.+..............#


You could see the friendly Tenoch the ancestor, an orc warrior and a wyvern
(fleeing).

Vanquished Creatures
  A troll (D:7)
  A steam dragon (D:8)
  An orc warrior (D:3)
  2 sky beasts (D:6)
  3 ogres
  A phantom (D:6)
  A centaur (D:7)
  A bullfrog (D:8)
  A killer bee (D:7)
  3 wights (D:7)
  3 howler monkeys (D:8)
  A bullfrog zombie (D:5)
  A crimson imp (D:8)
  8 hounds
  2 orc priests
  A bullfrog skeleton (D:4)
  Ijyb (D:3)
  2 iguanas (D:7)
  2 orc wizards
  7 worker ants
  A hound skeleton (D:7)
  A worker ant zombie (D:6)
  Robin (D:3)
  11 adders
  A shadow imp (D:7)
  An adder zombie (D:5)
  An adder skeleton (D:5)
  2 worms
  A dart slug (D:2)
  3 leopard geckos
  14 orcs
  7 bats
  8 giant cockroaches
  15 goblins
  9 hobgoblins
  3 jackals
  8 quokkas
  A ball python (D:4)
  7 frilled lizards
  3 kobolds
  A leopard gecko skeleton (D:6)
  3 rats
145 creatures vanquished.

Vanquished Creatures (collateral kills)
  A centaur (D:7)
  A bullfrog (D:7)
  Crazy Yiuf (D:7)
  A worker ant (D:6)
  An adder skeleton (D:6)
  An orc (D:8)
  A jackal (D:8)
7 creatures vanquished.

Vanquished Creatures (others)
  A human (D:6)
  2 ancestors (D:7)
3 creatures vanquished.

Grand Total: 155 creatures vanquished

Notes
Turn   | Place    | Note
-------+----------+-------------------------------------------
     0 | D:1      | esc the Halfling Skald began the quest for the Orb.
     0 | D:1      | Reached XP level 1. HP: 14/14 MP: 3/3
   269 | D:1      | Reached XP level 2. HP: 18/19 MP: 1/4
   496 | D:1      | HP: 2/19 [kobold/hand axe (7)]
   568 | D:1      | HP: 3/19 [kobold/hand axe (3)]
  1136 | D:2      | Reached skill level 2 in Fighting
  1569 | D:2      | Reached XP level 3. HP: 24/24 MP: 1/5
  1719 | D:2      | Reached skill level 2 in Armour
  2220 | D:2      | You fall through a shaft!
  2273 | D:3      | Noticed Robin
  2282 | D:3      | Reached XP level 4. HP: 27/29 MP: 0/6
  2583 | D:3      | Noticed Ijyb
  2617 | D:3      | Killed Ijyb
  2617 | D:3      | Reached skill level 3 in Dodging
  2679 | D:3      | Reached XP level 5. HP: 27/35 MP: 5/7
  2785 | D:3      | HP: 8/35 [orc priest/divine providence (15)]
  3044 | D:3      | Killed Robin
  3066 | D:3      | Reached skill level 3 in Long Blades
  3129 | D:3      | Reached skill level 3 in Armour
  3151 | D:3      | Reached skill level 3 in Fighting
  3255 | D:3      | Reached XP level 6. HP: 42/42 MP: 2/8
  3619 | D:4      | Found Teohin's Magic Scroll Shoppe.
  3631 | D:4      | Noticed an ogre
  3787 | D:3      | Reached skill level 4 in Dodging
  4016 | D:4      | Bought a scroll of identify for 24 gold pieces
  4016 | D:4      | Bought a scroll of identify for 24 gold pieces
  4099 | D:4      | Found a hide-covered altar of Uskayaw.
  4110 | D:4      | Reached XP level 7. HP: 47/47 MP: 5/9
  4590 | D:5      | Entered Level 5 of the Dungeon
  4961 | D:5      | Reached skill level 4 in Armour
  4981 | D:5      | Reached skill level 4 in Fighting
  4981 | D:5      | Reached skill level 4 in Long Blades
  4990 | D:5      | Found a staircase to the Ecumenical Temple.
  5001 | Temple   | Entered the Ecumenical Temple
  5340 | D:5      | Got a bloodstained mace
  5341 | D:5      | Identified the +8 mace of the Saviour {freeze, Dex+4} (You found it on level 5 of the Dungeon)
  5492 | D:5      | Reached skill level 1 in Maces & Flails
  5858 | D:6      | Reached skill level 2 in Maces & Flails
  5858 | D:6      | Reached XP level 8. HP: 51/54 MP: 10/10
  5892 | D:6      | Found a shimmering altar of Xom.
  5912 | D:6      | Found Guuthoimm's Food Boutique.
  5954 | D:6      | Reached skill level 3 in Maces & Flails
  6050 | D:6      | Reached skill level 4 in Maces & Flails
  6195 | D:6      | Found a hazy altar of Hepliaklqana.
  6198 | D:6      | Became a worshipper of Hepliaklqana the Forgotten
  6626 | D:6      | Found a deep blue altar of Sif Muna.
  6706 | D:6      | Reached * piety under Hepliaklqana
  6733 | D:6      | Found an ancient bone altar of Kikubaaqudgha.
  6734 | D:6      | Noticed a human
  6738 | D:6      | Killed a human
  6865 | D:6      | Found a glowing silver altar of Zin.
  6865 | D:6      | Found a basalt altar of Yredelemnul.
  6870 | D:6      | Found a faded altar of an unknown god.
  6872 | D:6      | Found a faded altar of an unknown god.
  6873 | D:6      | Found a shattered altar of Ashenzari.
  7016 | D:7      | Found a burning altar of Makhleb.
  7123 | D:7      | Noticed a troll
  7132 | D:7      | Killed a troll
  7132 | D:7      | Reached skill level 5 in Maces & Flails
  7132 | D:7      | Reached skill level 5 in Dodging
  7152 | D:7      | Reached XP level 9. HP: 53/53 MP: 11/11
  7157 | D:7      | Reached skill level 5 in Armour
  7354 | D:7      | Reached skill level 5 in Fighting
  7567 | D:7      | Found a runed door.
  7685 | D:7      | Found a radiant altar of Vehumet.
  7685 | D:7      | Found an iron altar of Okawaru.
  7899 | D:7      | Noticed Crazy Yiuf
  7912 | D:7      | Killed Crazy Yiuf
  7912 | D:7      | Reached skill level 6 in Dodging
  8096 | D:8      | Reached skill level 6 in Maces & Flails
  8096 | D:8      | Reached skill level 6 in Armour
  8127 | D:8      | Reached ** piety under Hepliaklqana
  8536 | D:8      | HP: 9/55 [orc warrior/halberd (5)]
  8538 | D:8      | Slain by an orc warrior

Vault maps used:
D:1:      saegor_arrival_simple_a, tso_altar
D:2:      first_bread
D:3:      kennysheep_generic_room_6, uniq_iyjb, uniq_robin
D:4:      nicolae_overflow_crystal_walls, serial_shops, shop
D:5:      minmay_temple_entry_large_hall, kennysheep_decorative_pillar,
          hangedman_decor_diamond_cutter, guppyfry_early_orc_mine
D:6:      kennysheep_little_box, kennysheep_mini,
          chequers_temple_overflow_minitemple, basic_altar, serial_shops,
          kennysheep_mini_moat, tgw_kikubaaqudgha
D:7:      minmay_opposing_rooms, nicolae_overflow_hidden_temple,
          gammafunk_temple_overflow_wave, uniq_crazy_yiuf_cottage
Temple:   minmay_temple_bridge_abc

Skill      XL: |  1  2  3  4  5  6  7  8  9 |
---------------+----------------------------+-----
Fighting       | 2 3 4 5 |  5.6
Armour         | 2 3 4 6 |  6.2
Dodging        | 3 4 5 6 |  6.4
Long Blades    | 3 4 |  4.0
Maces & Flails | 2 5 6 |  6.2
Spellcasting   | |  1.5
Charms         | |  3.2

Action                   |  1- 3 |  4- 6 |  7- 9 || total
-------------------------+-------+-------+-------++-------
Melee: Dagger            |   111 |       |       ||   111
       Falchion          |    27 |    58 |       ||    85
       Long sword        |       |   157 |    47 ||   204
       Mace              |       |       |   160 ||   160
 Cast: Infusion          |    17 |    14 |     6 ||    37
Evoke: Wand              |       |       |     1 ||     1
  Use: Scroll            |    10 |     3 |    14 ||    27
       Potion            |     2 |     2 |     5 ||     9
 Stab: Paralysed         |       |       |     5 ||     5
  Eat: Bread ration      |     1 |       |       ||     1
       Chunk             |       |     8 |     5 ||    13
       Meat ration       |       |       |     1 ||     1
       Royal jelly       |       |       |     2 ||     2
Armor: Leather armour    |    35 |    20 |    18 ||    73
       Scale mail        |       |    65 |    51 ||   116
       Steam dragon scal |       |       |     5 ||     5
Dodge: Dodged            |   114 |   180 |   168 ||   462
       Rpst.: Falchion   |     8 |    18 |       ||    26
       Long sword        |       |    46 |    17 ||    63

Vault maps used:
D:1:      saegor_arrival_simple_a, tso_altar
D:2:      first_bread
D:3:      kennysheep_generic_room_6, uniq_iyjb, uniq_robin
D:4:      nicolae_overflow_crystal_walls, serial_shops, shop
D:5:      minmay_temple_entry_large_hall, kennysheep_decorative_pillar,
          hangedman_decor_diamond_cutter, guppyfry_early_orc_mine
D:6:      kennysheep_little_box, kennysheep_mini,
          chequers_temple_overflow_minitemple, basic_altar, serial_shops,
          kennysheep_mini_moat, tgw_kikubaaqudgha
D:7:      minmay_opposing_rooms, nicolae_overflow_hidden_temple,
          gammafunk_temple_overflow_wave, uniq_crazy_yiuf_cottage
Temple:   minmay_temple_bridge_abc

Table legend:
 A = Turns spent in this place as a percentage of turns spent in the entire game.
 B = Non-inter-level travel turns spent in this place as a percentage of non-inter-level travel turns spent in the entire game.
 C = Inter-level travel turns spent in this place as a percentage of turns spent in this place.
 D = Turns resting spent in this place as a percentage of non-inter-level travel turns spent in this place.
 E = Turns spent auto-exploring this place as a percentage of non-inter-level travel turns spent in this place.
 F = Non-inter-level travel turns spent in this place divided by the number of levels of this place that you've seen.
                   A       B       C       D       E      F
               +-------+-------+-------+-------+-------+----------------------
         Total | 100.0 | 100.0 |   0.7 |   5.2 |   9.6 | 237.1
       Dungeon |  98.6 |  98.6 |   0.7 |   5.2 |   9.5 | 263.1
        Temple |   1.4 |   1.4 |   3.3 |   0.0 |  13.8 |  29.0
               +-------+-------+-------+-------+-------+----------------------

Table legend:
 A = Kills in this place as a percentage of kills in entire the game.
 B = Kills by you in this place as a percentage of kills by you in the entire game.
 C = Kills by friends in this place as a percentage of kills by friends in the entire game.
 D = Other kills in this place as a percentage of other kills in the entire game.
 E = Experience gained in this place as a percentage of experience gained in the entire game.
 F = Experience gained in this place divided by the number of levels of this place that you have seen.
                   A       B       C       D       E      F
               +-------+-------+-------+-------+-------+----------------------
         Total | 100.0 | 100.0 | 100.0 |  -nan | 100.0 | 405.4
       Dungeon | 100.0 | 100.0 | 100.0 |  -nan | 100.0 | 456.1
               +-------+-------+-------+-------+-------+----------------------
